AoeStats
← eugene

Baltic

510828660Analyzed
3v3 RM · 17h ago on Oct 2, 2026· 66m 5s· 6 players
Game mode
Random Map
Map size
Normal (6 player)
Population
200
Speed
Normal
Resources
Standard
Victory
Conquest
Starting age
Dark Age
Ending age
Imperial Age
RankedLock teamsTeams togetherTeam positionsShared explorationLock speedFull tech treeHidden civsTurbo modeCheats
Victory
Defeat
🇦🇷 Italians · Argentina
1120
+16
🇦🇷 Koreans · Argentina
1118
+16
🇦🇷 Spanish · Argentina
1097
+17
🇬🇪 Italians · Georgia
1168
-18
1146
-17
🇺🇦 Japanese · Ukraine
1065
-14
balgarv
5:58 Loom
11:50 Feudal Age
18:05 Fletching
21:59 Fishing Lines
24:21 Castle Age
24:37 Double-Bit Axe
25:18 Bodkin Arrow
25:07 Crossbowman
26:13 Bow Saw
30:34 Ballistics
31:38 Fervor
33:04 Fervor
35:45 Imperial Age
36:01 Thumb Ring
36:42 Horse Collar
38:11 Bracer
40:14 Two-Man Saw
39:03 Fishing Lines
39:08 Arbalester
40:08 Heavy Plow
40:00 Gillnets
40:24 Elite Turtle Ship
43:03 Chemistry
43:28 Scale Mail Armor
43:39 Forging
47:31 Gold Mining
52:33 Wheelbarrow
52:30 Siege Engineers
54:55 Heavy Rocket Cart
56:31 Shinkichon
56:32 Conscription
56:24 Elite Cannon Galleon
59:14 Fortified Wall
61:19 Hand Cart
60:50 Town Watch
MAVERICK
4:32 Loom
12:11 Feudal Age
16:47 Castle Age
15:29 Double-Bit Axe
15:36 Horse Collar
18:02 Medium Warships
20:11 Scale Barding Armor
21:16 Fishing Lines
25:08 Forging
30:21 Fletching
32:08 Bodkin Arrow
33:59 Padded Archer Armor
37:41 Bow Saw
38:50 Heavy Plow
42:47 Imperial Age
41:21 Gold Mining
42:46 Leather Archer Armor
41:53 Elite Skirmisher
44:18 Ring Archer Armor
43:49 Bracer
48:44 Chemistry
48:33 Ballistics
49:14 Chemistry
60:33 Wheelbarrow
61:10 Cavalier
61:52 Husbandry
62:03 Bloodlines
62:19 Chain Barding Armor
66:36 Plate Barding Armor
rstizza
4:34 Loom
13:14 Feudal Age
17:51 Castle Age
19:50 Scale Barding Armor
19:38 Double-Bit Axe
21:07 Bow Saw
20:43 Horse Collar
22:01 Chain Barding Armor
29:52 Heavy Plow
33:23 Gold Mining
33:23 Stone Mining
39:14 Imperial Age
37:57 Wheelbarrow
39:08 Hand Cart
39:36 Stone Shaft Mining
39:25 Forging
39:43 Ballistics
39:36 Husbandry
40:53 Cavalier
46:33 Chemistry
45:44 Masonry
45:29 Murder Holes
45:45 Fortified Wall
45:57 Padded Archer Armor
45:47 Fletching
46:34 Plate Barding Armor
46:36 Iron Casting
45:23 Elite Skirmisher
47:26 Leather Archer Armor
47:07 Bodkin Arrow
48:00 Bloodlines
47:58 Town Watch
55:45 Two-Man Saw
56:48 Elite Conquistador
58:04 Hoardings
56:59 Sappers
57:49 Conscription
58:20 Town Patrol
58:26 Paladin
58:27 Light Cavalry
60:25 Bracer
60:56 Ring Archer Armor
61:26 Blast Furnace
60:27 Scale Mail Armor
61:01 Architecture
61:40 Hussar
66:56 Chain Mail Armor
Subutai ,,the Valiant"
6:57 Loom
11:12 Feudal Age
11:13 Man-at-Arms
12:21 Long Swordsman
13:26 Arson
19:58 Double-Bit Axe
20:43 Horse Collar
22:25 Padded Archer Armor
24:45 Wheelbarrow
28:10 Castle Age
veinbound
7:36 Loom
10:09 Feudal Age
11:11 Double-Bit Axe
15:30 Horse Collar
17:19 Man-at-Arms
20:36 Castle Age
18:55 Horse Collar
20:00 Scale Mail Armor
20:22 Arson
20:52 Forging
20:54 Long Swordsman
25:37 Stone Mining
26:44 Chain Mail Armor
27:06 Iron Casting
33:14 Pikeman
34:05 Heavy Plow
37:05 Fortified Wall
37:18 Fletching
37:31 Padded Archer Armor
40:51 Elite Skirmisher
41:44 Guard Tower
44:50 Yasama
45:44 Ballistics
45:30 Bodkin Arrow
50:45 Wheelbarrow
50:28 Gold Mining
52:58 Leather Archer Armor
53:53 Bow Saw
58:50 Imperial Age
56:59 Squires
59:53 Onager
62:07 Hand Cart
62:35 Gold Shaft Mining
64:38 Two-Man Saw
64:23 Plate Mail Armor
64:57 Blast Furnace
63:31 Onager
66:07 Conscription
eugene
8:52 Loom
11:03 Feudal Age
12:13 Double-Bit Axe
14:34 Fletching
20:17 Castle Age
20:59 Crossbowman
22:36 Bodkin Arrow
22:42 Padded Archer Armor
22:43 Stone Mining
24:16 Stone Shaft Mining
24:18 Wheelbarrow
26:58 Leather Archer Armor
27:35 Hand Cart
28:51 Ballistics
36:29 Imperial Age
36:33 Bow Saw
36:14 Horse Collar
36:22 Town Watch
38:10 Chemistry
37:24 Thumb Ring
37:21 Bracer
37:52 Ring Archer Armor
37:40 Elite Genoese Crossbowman
38:52 Conscription
42:02 Hoardings
57:20 Bloodlines
57:11 Husbandry
56:34 Cavalier
57:43 Scale Barding Armor
57:50 Forging
58:47 Chain Barding Armor
59:00 Chain Barding Armor
60:12 Iron Casting
61:15 Plate Barding Armor
62:22 Blast Furnace
66:25 Two-Man Saw
65:03 Light Cavalry
Connection lost

Rejoining the realm…

Still unreachable

The connection could not be restored.

Session expired

The server has moved on; the page needs a fresh start.